[Event "Titled Tuesday Blitz November 22 Early 2022"]
[White "Harsh Suresh"]
[Black "Sharifov, Mekhriddin"]
[WhiteFideId "45018464"]
[BlackFideId "14701545"]
[WhiteElo "2227"]
[BlackElo "2109"]
[Result "1-0"]
[Round "09"]
[TimeControl "180+1"]
[Date "2022.11.23"]
[WhiteClock "0:00:42"]
[BlackClock "0:00:14"]

1. d4 Nf6 2. Nf3 e6 3. Bf4 b5 4. e3 b4 5. h3 Bb7 6. Bd3 Be7 7. O-O O-O 8. a3 a5 9. a4 d5 10. Nbd2 c5 11. dxc5 Nbd7 12. Nb3 Nxc5 13. Nxc5 Bxc5 14. Qe2 Qb6 15. Rfd1 Ba6 16. Nd2 Rfc8 17. Nb3 Be7 18. Be5 Rc6 19. Bb5 Rac8 20. Bd4 Qb7 21. Nxa5 Rxc2 22. Nxb7 Rxe2 23. Bxa6 Rec2 24. Bd3 R2c7 25. Na5 Nd7 26. f4 f6 27. e4 e5 28. fxe5 fxe5 29. Bf2 d4 30. Nb3 Rf8 31. Rdc1 Ra7 32. a5 Bg5 33. Rc2 Nf6 34. a6 Nh5 35. g3 Raf7 36. a7 Ra8 37. Bc4 1-0


[Site "https://www.chess.com"]

[Event "Titled Tuesday Blitz November 22 Early 2022"]
[White "Horak, Martin"]
[Black "Matinian, Nikita"]
[WhiteFideId "367095"]
[BlackFideId "24129100"]
[WhiteElo "2091"]
[BlackElo "2422"]
[Result "1/2-1/2"]
[Round "09"]
[TimeControl "180+1"]
[Date "2022.11.23"]
[WhiteClock "0:00:04"]
[BlackClock "0:00:02"]

1. e4 c5 2. Nf3 d6 3. d4 cxd4 4. Qxd4 Nc6 5. Qe3 g6 6. Be2 Nf6 7. h3 Bg7 8. O-O O-O 9. Rd1 Bd7 10. Nc3 Rc8 11. Qf4 Qb6 12. Qh4 Rfd8 13. Bh6 Qxb2 14. Nd5 Bxh6 15. Rab1 Qxc2 16. Bd3 Qxd1+ 17. Rxd1 Bg7 18. Ng5 h6 19. Nxf6+ exf6 20. Nf3 Ne5 21. Bb1 Ba4 22. Re1 Nxf3+ 23. gxf3 Bc2 24. Qf4 b6 25. Qd2 Bxb1 26. Rxb1 Rc5 27. Rb3 f5 28. Rd3 fxe4 29. fxe4 Re8 30. f3 Rg5+ 31. Kf2 Rh5 32. Kg2 Be5 33. f4 Bg7 34. Qe2 Rc5 35. Rxd6 Rec8 36. Rd2 Rc3 37. Rd3 Rc2 38. Rd2 R2c4 39. Rd3 Kh7 40. Rd2 Rc3 41. Rd3 R3c7 42. Rd2 Re8 43. e5 Rce7 44. Qe4 f6 45. Rd6 f5 46. Qc6 g5 47. Kf3 gxf4 48. Kxf4 Bxe5+ 49. Kxf5 Bxd6 50. Qxd6 Rf8+ 51. Kg4 Rg7+ 52. Kh4 Rfg8 53. Qd3+ Kh8 54. Qd4 Kh7 55. Qd3+ Kh8 56. Qd4 Kh7 57. Qd3+ 1/2-1/2


[Site "https://www.chess.com"]

[Event "Titled Tuesday Blitz November 22 Early 2022"]
[White "Hristodoulou, Panagiotis"]
[Black "Bacrot, Etienne"]
[WhiteFideId "4214340"]
[BlackFideId "605506"]
[WhiteElo "2272"]
[BlackElo "2666"]
[Result "0-1"]
[Round "09"]
[TimeControl "180+1"]
[Date "2022.11.22"]
[WhiteClock "0:00:01"]
[BlackClock "0:02:36"]

1. e4 c5 2. Nf3 d6 3. d4 cxd4 4. Nxd4 Nf6 5. Nc3 Nc6 6. Bg5 e6 7. Qd3 Bd7 8. O-O-O a6 9. Kb1 Qa5 10. f4 Rc8 11. Nb3 Qc7 12. Be2 Be7 13. Qg3 h6 14. Bxf6 Bxf6 15. Rhe1 Nb4 0-1


[Site "https://www.chess.com"]

[Event "Titled Tuesday Blitz November 22 Early 2022"]
[White "Ibarra Jerez, Jose Carlos"]
[Black "Paravyan, David"]
[WhiteFideId "2226332"]
[BlackFideId "4194985"]
[WhiteElo "2638"]
[BlackElo "2546"]
[Result "1/2-1/2"]
[Round "09"]
[TimeControl "180+1"]
[Date "2022.11.22"]
[WhiteClock "0:00:21"]
[BlackClock "0:00:11"]

1. e4 e5 2. Nc3 Nf6 3. f4 d5 4. fxe5 Nxe4 5. Qf3 Nc6 6. Bb5 Nxc3 7. dxc3 Qh4+ 8. g3 Qe4+ 9. Be3 Bf5 10. Bd3 Qxf3 11. Nxf3 Be4 12. Bxe4 dxe4 13. Ng5 Nxe5 14. Nxe4 O-O-O 15. O-O f6 16. b3 Be7 17. Rae1 Rhe8 18. Kg2 Nf7 19. Bd4 b6 20. Re2 Nd6 21. Nxd6+ Bxd6 22. Rfe1 Rxe2+ 23. Rxe2 Kd7 24. Kf3 g6 25. g4 f5 26. gxf5 Rf8 27. f6 c5 28. Bf2 Rxf6+ 29. Kg2 Rf5 30. h3 c4 31. Re4 Rg5+ 32. Kf3 Rf5+ 33. Kg2 cxb3 34. cxb3 Kc6 35. c4 Rg5+ 36. Kf3 Rf5+ 37. Kg2 Rg5+ 38. Kf3 Rh5 39. Kg2 a6 40. Re6 Kd7 41. Rf6 Ke7 42. Rf3 b5 43. cxb5 axb5 44. a4 bxa4 45. bxa4 Rg5+ 46. Kf1 Ra5 47. Re3+ Kd7 48. Re4 Kc6 49. Be1 Ra8 50. a5 Bc7 51. Re7 Bxa5 52. Bxa5 Rxa5 53. Rxh7 Kd6 54. Rh6 Rg5 55. h4 Rg4 56. h5 Ke5 57. Rxg6 Rxg6 58. hxg6 Kf6 59. Ke1 Kg7 60. Kd1 Kxg6 1/2-1/2


[Site "https://www.chess.com"]

[Event "Titled Tuesday Blitz November 22 Early 2022"]
[White "Ilkhomi, Jaloliddin"]
[Black "Boraso, Alessio"]
[WhiteFideId "14700948"]
[BlackFideId "848077"]
[WhiteElo "2045"]
[BlackElo "2286"]
[Result "1-0"]
[Round "09"]
[TimeControl "180+1"]
[Date "2022.11.23"]
[WhiteClock "0:00:04"]
[BlackClock "0:00:04"]

1. d4 Nf6 2. Nf3 g6 3. Bg5 Bg7 4. c3 O-O 5. Nbd2 d5 6. e3 Nbd7 7. Bd3 b6 8. O-O Bb7 9. Qe2 Ne4 10. Bh4 Ndf6 11. Ne5 Nxd2 12. Qxd2 c5 13. f4 Ne4 14. Qc2 f6 15. Nf3 Nd6 16. Rfe1 Qd7 17. Rad1 Rae8 18. Bg3 c4 19. Be2 Bc8 20. b3 b5 21. bxc4 bxc4 22. Nd2 Qc6 23. Bf3 Bf5 24. e4 dxe4 25. Nxe4 Rb8 26. Qe2 Nxe4 27. Bxe4 Bxe4 28. Qxe4 Qxe4 29. Rxe4 Kf7 30. Rde1 Rb7 31. d5 Rc8 32. Re6 f5 33. Bh4 Rcc7 34. d6 exd6 35. R6e3 d5 36. Rd1 Rd7 37. Bf2 d4 38. cxd4 Bxd4 39. Ree1 Bxf2+ 40. Kxf2 Rxd1 41. Rxd1 Rb2+ 42. Kf3 Rxa2 43. Rd7+ Kf6 44. Rxh7 Ra3+ 45. Ke2 a5 46. Rc7 Rc3 47. Rc5 a4 48. Kd2 Rd3+ 49. Kc2 Rd4 50. g3 a3 51. Ra5 Rd3 52. Ra4 Rf3 53. Rxc4 a2 54. Ra4 Rf2+ 55. Kb3 Rxh2 56. Ra6+ Kf7 57. Kc4 Rd2 58. Kc3 Rg2 59. Kd4 Rxg3 60. Rxa2 Rf3 61. Ke5 Re3+ 62. Kd5 Re4 63. Rf2 Kg7 64. Rf3 Kh6 65. Rh3+ Kg7 66. Rf3 Kf6 67. Rf2 g5 68. fxg5+ Kxg5 69. Rf1 Ra4 70. Rg1+ Kf6 71. Rf1 f4 72. Ra1 Kf5 73. Rxa4 f3 74. Ra2 Kf4 75. Kd4 1-0


[Site "https://www.chess.com"]

[Event "Titled Tuesday Blitz November 22 Early 2022"]
[White "Izuzquiza Gonzalez, Javier"]
[Black "Ovchinnikov, Vsevolod"]
[WhiteFideId "3101029"]
[BlackFideId "24176842"]
[WhiteElo "2034"]
[BlackElo "2376"]
[Result "0-1"]
[Round "09"]
[TimeControl "180+1"]
[Date "2022.11.23"]
[WhiteClock "0:00:06"]
[BlackClock "0:00:08"]

1. d4 Nf6 2. c4 g6 3. Nf3 Bg7 4. g3 d5 5. Bg2 dxc4 6. O-O O-O 7. Na3 Nc6 8. Nxc4 Be6 9. Nce5 Bd5 10. Bf4 e6 11. a3 h6 12. b4 a6 13. Rc1 Nd7 14. Nxc6 Bxc6 15. Re1 g5 16. Bd2 Nb6 17. Bc3 Be4 18. Bb2 c6 19. Qb3 Qd5 20. Qxd5 exd5 21. Nd2 Bxg2 22. Kxg2 a5 23. bxa5 Rxa5 24. Bc3 Ra6 25. Bb4 Rfa8 26. e3 Bf8 27. Rb1 R8a7 28. Rb3 Bxb4 29. Rxb4 Nc8 30. Reb1 Nd6 31. Nf3 Rxa3 32. Ne5 R3a4 33. R4b2 Ra2 34. Rb4 Rc2 35. R1b2 Rxb2 36. Rxb2 f6 37. Nd7 Kf7 38. Nc5 Ke7 39. h4 g4 40. h5 f5 41. f3 gxf3+ 42. Kxf3 b5 43. Kf4 Kf6 44. Nd3 Rg7 45. Ne5 Nc4 46. Rc2 Ke6 47. Nxc6 Rg4+ 48. Kf3 Re4 49. Rc3 Kd6 50. Nb4 Rg4 51. Nc2 Rg5 52. Ne1 Rxh5 53. Ng2 Rg5 54. Nf4 Rg8 55. Nh5 Rb8 56. Nf4 b4 57. Rb3 Nd2+ 0-1


[Site "https://www.chess.com"]

[Event "Titled Tuesday Blitz November 22 Early 2022"]
[White "Janaszak, Dawid"]
[Black "Bashirli, Saadat"]
[WhiteFideId "1119206"]
[BlackFideId "13429990"]
[WhiteElo "2226"]
[BlackElo "1408"]
[Result "1-0"]
[Round "09"]
[TimeControl "180+1"]
[Date "2022.11.23"]
[WhiteClock "0:00:48"]
[BlackClock "0:00:02"]

1. Nc3 d5 2. e4 c6 3. d4 g6 4. Nf3 Bg7 5. h3 dxe4 6. Nxe4 Nf6 7. Nxf6+ Bxf6 8. c3 O-O 9. Bh6 Re8 10. Bc4 e5 11. dxe5 Qxd1+ 12. Rxd1 Bxe5 13. O-O Bg7 14. Bf4 Nd7 15. Ng5 Ne5 16. Bxe5 Rxe5 17. Nxf7 Rc5 18. Rd8+ Bf8 19. Bb3 Kg7 20. Re1 Rf5 21. Ree8 Bc5 22. Rxc8 Bxf2+ 23. Kh2 Rxc8 24. Rxc8 a5 25. g4 Rf6 26. Rc7 Rxf7 27. Rxf7+ Kh6 28. Rxf2 a4 29. Bd1 b5 30. Rf7 c5 31. h4 g5 32. h5 b4 33. Bc2 b3 34. Rxh7# 1-0


[Site "https://www.chess.com"]

[Event "Titled Tuesday Blitz November 22 Early 2022"]
[White "Jeet, Jain"]
[Black "Fiol, Fabrice"]
[WhiteFideId "5073022"]
[BlackFideId "611670"]
[WhiteElo "2067"]
[BlackElo "2456"]
[Result "1-0"]
[Round "09"]
[TimeControl "180+1"]
[Date "2022.11.23"]
[WhiteClock "0:00:21"]
[BlackClock "0:00:09"]

1. d4 Nf6 2. Bf4 b6 3. Nf3 Bb7 4. e3 e6 5. Nbd2 d6 6. h3 Nbd7 7. c4 g6 8. Be2 Bg7 9. O-O O-O 10. Rc1 Re8 11. b4 e5 12. Bh2 e4 13. Ne1 Qe7 14. Nb3 Rac8 15. c5 dxc5 16. bxc5 Bd5 17. Nc2 a5 18. Bb5 c6 19. Be2 a4 20. Nd2 bxc5 21. dxc5 Nxc5 22. Nb4 Red8 23. Qc2 Nd3 24. Nxd3 exd3 25. Bxd3 Re8 26. Nc4 Ne4 27. Qxa4 Nc5 28. Qc2 Nxd3 29. Qxd3 Red8 30. Qc2 Qe6 31. Nb6 Be4 32. Qc4 Qxc4 33. Nxc4 Ra8 34. a3 Bd3 35. Rfe1 Bxc4 36. Rxc4 Rxa3 37. Rxc6 Ra2 38. Bg3 h5 39. h4 Rdd2 40. Rb1 Rdb2 41. Rbc1 Bf6 42. Rc8+ Kg7 43. R8c7 g5 44. hxg5 Bxg5 45. Be5+ Bf6 46. Bxb2 Rxb2 47. Rd7 Be5 48. g3 Kg6 49. Kg2 h4 50. gxh4 Kf5 51. Rxf7+ Ke6 52. Rf3 Rb4 53. Rh1 Rg4+ 54. Kf1 Rb4 55. Kg2 Rg4+ 56. Rg3 Bxg3 57. fxg3 Rg7 58. Kf3 Kf5 59. e4+ Kg6 60. g4 Rf7+ 61. Kg3 Rb7 62. Rf1 Rb3+ 63. Rf3 Rb4 64. Kf4 Kh6 65. h5 Kg7 66. g5 Kh7 67. Kf5 Kg7 68. e5 Rh4 69. h6+ Kh7 70. e6 Rh2 71. Kf6 Re2 72. g6+ Kg8 73. h7+ Kh8 74. g7+ Kxh7 75. Rh3+ Kg8 76. Rh8# 1-0


[Site "https://www.chess.com"]

[Event "Titled Tuesday Blitz November 22 Early 2022"]
[White "Jiganchine, Roman"]
[Black "Simonovic, Miroslav"]
[WhiteFideId "2603667"]
[BlackFideId "919152"]
[WhiteElo "2302"]
[BlackElo "2043"]
[Result "1-0"]
[Round "09"]
[TimeControl "180+1"]
[Date "2022.11.23"]
[WhiteClock "0:00:37"]
[BlackClock "0:00:01"]

1. e4 c5 2. Nf3 Nc6 3. Bb5 g6 4. O-O Bg7 5. Re1 e5 6. a4 Nge7 7. c3 O-O 8. Na3 h6 9. h3 d6 10. Nc4 Be6 11. Ne3 a6 12. Bf1 d5 13. d3 f5 14. exd5 Nxd5 15. Nxd5 Qxd5 16. a5 Rad8 17. Nd2 g5 18. Ra4 Qd7 19. Qc2 f4 20. Ne4 Qe7 21. Qe2 Bb3 22. Ra3 Bf7 23. Qc2 Bg6 24. Be2 Kh7 25. Ra4 Bxe4 26. Rxe4 Qf7 27. Bf3 Ne7 28. Ra4 Nf5 29. Be4 Kh8 30. Qe2 Nd6 31. Bf3 Qd7 32. Ra1 Nf5 33. Qc2 Qxd3 34. Qxd3 Rxd3 35. Be4 Rd6 36. b3 Rd7 37. Ba3 Nd6 38. Bxc5 Nxe4 39. Rxe4 Rc8 40. b4 Bf8 41. Rxe5 1-0


[Site "https://www.chess.com"]

[Event "Titled Tuesday Blitz November 22 Early 2022"]
[White "Jimenez Almeida, Luis David"]
[Black "Vasques, Antonio Pedro Freixial"]
[WhiteFideId "22242244"]
[BlackFideId "1908332"]
[WhiteElo "2158"]
[BlackElo "2243"]
[Result "1-0"]
[Round "09"]
[TimeControl "180+1"]
[Date "2022.11.23"]
[WhiteClock "0:02:10"]
[BlackClock "0:02:20"]

1. e4 c5 2. Nc3 d6 3. Nge2 Nf6 4. d4 cxd4 5. Nxd4 e6 6. Bg5 Be7 7. Qd2 h6 8. Bh4 Nxe4 9. Bxe7 Nxd2 10. Bxd8 Nxf1 11. Ba5 b6 12. Bb4 Ba6 13. Ndb5 1-0


[Site "https://www.chess.com"]

[Event "Titled Tuesday Blitz November 22 Early 2022"]
[White "Jones, Gawain C B"]
[Black "Kravtsiv, Martyn"]
[WhiteFideId "409561"]
[BlackFideId "14113147"]
[WhiteElo "2657"]
[BlackElo "2694"]
[Result "1-0"]
[Round "09"]
[TimeControl "180+1"]
[Date "2022.11.22"]
[WhiteClock "0:00:31"]
[BlackClock "0:00:37"]

1. Nf3 d5 2. g3 g6 3. Bg2 Bg7 4. O-O c5 5. c4 d4 6. b4 cxb4 7. a3 b3 8. Qxb3 Nc6 9. d3 Nf6 10. a4 O-O 11. Na3 Nd7 12. Nc2 Nc5 13. Qa3 Qd6 14. Nb4 Bd7 15. Bf4 e5 16. Bd2 Rac8 17. Nd5 e4 18. Bf4 Ne5 19. Nxd4 exd3 20. exd3 g5 21. Bxg5 Nexd3 22. Be7 Qe5 23. Nf3 Qe2 24. Ra2 Bb2 25. Bxc5 Bxa3 26. Rxe2 Nxc5 27. Ra1 Nxa4 28. Nf6+ Kg7 29. Nxd7 Rfd8 30. Rxa3 Rxd7 31. Rxa4 Rd1+ 32. Re1 1-0


[Site "https://www.chess.com"]

[Event "Titled Tuesday Blitz November 22 Early 2022"]
[White "Jumabayev, Rinat"]
[Black "Osmak, Yuliia"]
[WhiteFideId "13702661"]
[BlackFideId "14101602"]
[WhiteElo "2561"]
[BlackElo "2328"]
[Result "1-0"]
[Round "09"]
[TimeControl "180+1"]
[Date "2022.11.22"]
[WhiteClock "0:00:23"]
[BlackClock "0:00:01"]

1. e3 d5 2. Nf3 Nf6 3. b3 g6 4. Bb2 Bg7 5. c4 e6 6. Be2 O-O 7. O-O b6 8. cxd5 exd5 9. Qc1 Bb7 10. Nc3 c5 11. d4 Nbd7 12. Rd1 Qe7 13. Qc2 Rac8 14. Rac1 Rfd8 15. Qb1 Ne4 16. dxc5 Ndxc5 17. Nb5 Re8 18. Bxg7 Kxg7 19. Qb2+ f6 20. Bf1 a6 21. Nbd4 Rcd8 22. b4 Na4 23. Qb3 b5 24. Nc6 Bxc6 25. Rxc6 Rc8 26. Rdc1 Rxc6 27. Rxc6 Qd7 28. Nd4 Nd2 29. Qc2 Nc4 30. Rxa6 Nab6 31. Ra5 Nxa5 32. Bxb5 Qc8 33. Bxe8 Qxc2 34. Nxc2 Nac4 35. Bb5 Nd6 36. Bd3 Na4 37. Kf1 Nc3 38. a3 Kf7 39. Ke1 Ke6 40. Kd2 Nce4+ 41. Bxe4 Nxe4+ 42. Ke2 Nc3+ 43. Kd3 Na4 44. Nd4+ Ke5 45. Kc2 Nb6 46. Nc6+ Kd6 47. Na5 Ke5 48. Kd3 Kd6 49. Nb3 f5 50. Kd4 Na4 51. Nc5 Nb6 52. a4 Nc4 53. a5 Na3 54. Na4 Nb5+ 55. Kd3 Kc6 56. Nc3 Na7 57. Kd4 Kd6 58. b5 g5 59. a6 Nc8 60. Nxd5 1-0


[Site "https://www.chess.com"]

[Event "Titled Tuesday Blitz November 22 Early 2022"]
[White "Keymer, Vincent"]
[Black "Kilic, Eray"]
[WhiteFideId "12940690"]
[BlackFideId "44517173"]
[WhiteElo "2600"]
[BlackElo "2328"]
[Result "1-0"]
[Round "09"]
[TimeControl "180+1"]
[Date "2022.11.22"]
[WhiteClock "0:01:18"]
[BlackClock "0:00:19"]

1. h3 e5 2. c3 d5 3. d4 exd4 4. cxd4 Nf6 5. Nc3 c6 6. Bf4 Bd6 7. Bxd6 Qxd6 8. e3 O-O 9. Bd3 Re8 10. Qc2 Nbd7 11. Nf3 Nf8 12. O-O Ng6 13. Rab1 Bd7 14. b4 a5 15. bxa5 Rxa5 16. Rxb7 Rea8 17. Rfb1 Bc8 18. R7b4 Nf8 19. a4 N8d7 20. R4b2 g6 21. Nd2 Ba6 22. Nb3 Bxd3 23. Qxd3 R5a7 24. a5 Qe7 25. Na4 Ne4 26. Nb6 Nxb6 27. axb6 Rb7 28. Nd2 Nd6 29. Qc2 Rc8 30. Ra2 Qd8 31. Ra6 Nb5 32. Qc5 Nd6 33. Nb3 Ne4 34. Qa5 Qf6 35. Qe1 Qe7 36. Na5 Rbb8 37. b7 Rc7 38. Nxc6 Rxc6 39. Rxc6 Rxb7 40. Rcb6 Rc7 41. Qb4 Qxb4 42. R6xb4 Rc2 43. R4b2 Rc4 44. Ra1 Kg7 45. g3 h5 46. Kg2 Rc3 47. Ra5 Nf6 48. Rb7 Rc2 49. Raa7 Ne4 50. Rxf7+ Kh6 51. h4 1-0


[Site "https://www.chess.com"]

[Event "Titled Tuesday Blitz November 22 Early 2022"]
[White "Kim, Sergey"]
[Black "Zacurdajev, Dmitry"]
[WhiteFideId "13700570"]
[BlackFideId "4196309"]
[WhiteElo "2608"]
[BlackElo "2179"]
[Result "1-0"]
[Round "09"]
[TimeControl "180+1"]
[Date "2022.11.23"]
[WhiteClock "0:01:23"]
[BlackClock "0:00:02"]

1. d4 d5 2. c4 e6 3. Nc3 Nf6 4. Nf3 Be7 5. Bf4 Nbd7 6. e3 O-O 7. c5 Nh5 8. Be5 Nxe5 9. Nxe5 Nf6 10. Bd3 Nd7 11. Nf3 b6 12. b4 a5 13. a3 c6 14. O-O Ba6 15. Rb1 Bxd3 16. Qxd3 Qc7 17. Rfc1 Rfb8 18. h3 h6 19. Ne2 axb4 20. axb4 bxc5 21. bxc5 Qa5 22. Nf4 e5 23. dxe5 Nxc5 24. Qf5 Ne4 25. e6 f6 26. Qg6 Rxb1 27. Rxb1 Qa2 28. Rf1 Nd6 29. Nh5 Bf8 30. Nxf6+ 1-0


[Site "https://www.chess.com"]

[Event "Titled Tuesday Blitz November 22 Early 2022"]
[White "Kirillov, Dmitry"]
[Black "Piesik, Piotr"]
[WhiteFideId "34180572"]
[BlackFideId "1136194"]
[WhiteElo "2095"]
[BlackElo "2316"]
[Result "0-1"]
[Round "09"]
[TimeControl "180+1"]
[Date "2022.11.23"]
[WhiteClock "0:00:02"]
[BlackClock "0:01:18"]

1. e4 g6 2. d4 Bg7 3. Nf3 c6 4. c4 d5 5. cxd5 cxd5 6. e5 Nc6 7. Nc3 Nh6 8. Bd3 Bd7 9. Nxd5 Bg4 10. Be4 O-O 11. Be3 Nf5 12. Bxf5 gxf5 13. Nc3 Bxf3 14. gxf3 f4 15. Bxf4 Qxd4 16. Be3 Qxe5 17. Qc2 Nd4 18. Qd1 Rfd8 19. O-O Rd6 20. Kh1 Rad8 21. f4 Qf5 22. Rg1 Nc2 23. Qf3 Nxa1 24. Rxa1 b6 25. Rg1 Rg6 26. Re1 Bxc3 27. bxc3 Qd5 28. Qxd5 Rxd5 29. Bd4 e6 30. a4 Kf8 31. Rb1 Ke7 32. Rb2 Rg8 33. f3 Kd7 34. Rd2 Kc6 35. Rb2 Rf5 36. Be5 f6 37. Bd4 Rxf4 0-1


[Site "https://www.chess.com"]

[Event "Titled Tuesday Blitz November 22 Early 2022"]
[White "Kopylov, Alexander A."]
[Black "Orlov, Georgi"]
[WhiteFideId "4164857"]
[BlackFideId "2011271"]
[WhiteElo "2436"]
[BlackElo "2545"]
[Result "1-0"]
[Round "09"]
[TimeControl "180+1"]
[Date "2022.11.23"]
[WhiteClock "0:01:08"]
[BlackClock "0:00:14"]

1. e4 b6 2. d4 Bb7 3. Bd3 Nf6 4. Nc3 e6 5. Nf3 Bb4 6. e5 Ne4 7. Bxe4 Bxe4 8. O-O Bxc3 9. bxc3 O-O 10. h4 h6 11. Re1 Bg6 12. g4 f6 13. h5 Bh7 14. d5 fxe5 15. dxe6 dxe6 16. Qxd8 Rxd8 17. Nxe5 Bxc2 18. g5 hxg5 19. Bxg5 Rf8 20. Rac1 Bf5 21. Rcd1 Re8 22. Re3 Na6 23. Rd7 Nc5 24. Rxc7 Ne4 25. f4 Rac8 26. Rxa7 Nxc3 27. h6 gxh6 28. Bxh6 Ne2+ 29. Rxe2 Rc1+ 30. Kh2 1-0


[Site "https://www.chess.com"]

[Event "Titled Tuesday Blitz November 22 Early 2022"]
[White "Korchmar, Vasiliy"]
[Black "Odegov, Artem"]
[WhiteFideId "24131750"]
[BlackFideId "34183644"]
[WhiteElo "2370"]
[BlackElo "2298"]
[Result "1-0"]
[Round "09"]
[TimeControl "180+1"]
[Date "2022.11.23"]
[WhiteClock "0:00:14"]
[BlackClock "0:00:09"]

1. e4 e6 2. d4 d5 3. e5 c5 4. c3 Qb6 5. Nf3 Nc6 6. Be2 Bd7 7. O-O cxd4 8. cxd4 Nh6 9. Bxh6 gxh6 10. Qd2 Rc8 11. Nc3 Bg7 12. a3 O-O 13. b4 Ne7 14. Bd3 Rc7 15. Ne2 Ng6 16. a4 a6 17. Ng3 Rfc8 18. Nh5 Rc3 19. Rfb1 Qd8 20. g3 Qf8 21. b5 a5 22. Re1 Qb4 23. h4 Rb3 24. Qe2 Rcc3 25. Red1 b6 26. Nh2 Rb2 27. Qe3 Ra3 28. Rxa3 Qxa3 29. Ng4 Rb3 30. Nxg7 Kxg7 31. Qxh6+ Kh8 32. Nf6 1-0


[Site "https://www.chess.com"]

[Event "Titled Tuesday Blitz November 22 Early 2022"]
[White "Kovacevic, Radmila"]
[Black "Buscar, Michael"]
[WhiteFideId "933171"]
[BlackFideId "2603616"]
[WhiteElo "2208"]
[BlackElo "2010"]
[Result "0-1"]
[Round "09"]
[TimeControl "180+1"]
[Date "2022.11.23"]
[WhiteClock "0:00:01"]
[BlackClock "0:00:22"]

1. e4 c5 2. Be2 e5 3. d3 d5 4. exd5 Qxd5 5. Nf3 Nf6 6. O-O Be7 7. Nc3 Qd8 8. Ne4 Nc6 9. c3 O-O 10. Be3 b6 11. Qc2 Bb7 12. h3 Qc7 13. Ng3 Rfe8 14. Rfe1 Rad8 15. Rad1 Nd5 16. Bc1 Nf4 17. Bf1 Rd7 18. Nf5 Red8 19. Nh2 Bf8 20. Ng4 Ba6 21. Re3 c4 22. Rg3 Kh8 23. d4 exd4 24. Qe4 dxc3 25. Bxf4 Rxd1 26. Bxc7 cxb2 27. Bxd8 b1=Q 28. Qxb1 Rxb1 29. Bc7 c3 30. Nfe3 c2 31. Nxc2 Rxf1+ 32. Kh2 Rc1 33. Nce3 Nd4 34. Be5 Ne2 35. Rf3 f6 36. Nxf6 gxf6 37. Bxf6+ Kg8 38. Nd5 Bb7 39. Rd3 Bd6+ 40. g3 Kf7 41. Bg5 Rc5 42. Rf3+ Ke6 43. Nf4+ Nxf4 44. Re3+ Re5 45. gxf4 Rxe3 46. fxe3 Kf5 47. Kg3 Bc5 48. Kf2 Ke4 49. f5 Kxf5 50. Bf4 Ke4 51. h4 Bd5 52. a4 Bc6 53. a5 bxa5 54. Kg3 a4 55. Kg4 Bxe3 0-1


[Site "https://www.chess.com"]

[Event "Titled Tuesday Blitz November 22 Early 2022"]
[White "Kuznetsov, Mikhail"]
[Black "Vlassov, Nikolai"]
[WhiteFideId "4117190"]
[BlackFideId "4103360"]
[WhiteElo "1981"]
[BlackElo "2324"]
[Result "1-0"]
[Round "09"]
[TimeControl "180+1"]
[Date "2022.11.23"]
[WhiteClock "0:00:16"]
[BlackClock "0:00:21"]

1. Nf3 c5 2. g3 Nc6 3. d4 cxd4 4. Nxd4 Qa5+ 5. Nc3 Nf6 6. Bg2 g6 7. O-O Bg7 8. Nb3 Qd8 9. Bf4 O-O 10. Qd2 Re8 11. Bh6 Bh8 12. e4 d6 13. Rad1 Be6 14. Nd5 Ne5 15. Nd4 Bxd5 16. exd5 Nc4 17. Qb4 Nb6 18. c4 Ng4 19. Bf4 Ne5 20. b3 Qd7 21. Nf3 Nxf3+ 22. Bxf3 Qc7 23. h4 Nd7 24. h5 a5 25. Qd2 a4 26. hxg6 hxg6 27. Kg2 Ne5 28. Rh1 Bg7 29. Bh6 Bf6 30. Bg5 Bg7 31. Bh6 Bf6 32. Bg5 Nxf3 33. Bxf6 Ne1+ 34. Rdxe1 exf6 35. Qh6 Rxe1 36. Qh8# 1-0


[Site "https://www.chess.com"]

[Event "Titled Tuesday Blitz November 22 Early 2022"]
[White "Larina, Maria"]
[Black "Fernandez Hernandez, Gerardo"]
[WhiteFideId "24113182"]
[BlackFideId "2207400"]
[WhiteElo "1848"]
[BlackElo "2234"]
[Result "1-0"]
[Round "09"]
[TimeControl "180+1"]
[Date "2022.11.23"]
[WhiteClock "0:00:06"]
[BlackClock "0:00:01"]

1. e4 e6 2. d4 d5 3. Nc3 Nc6 4. e5 f6 5. exf6 Nxf6 6. Nf3 Bd6 7. a3 O-O 8. Bd3 e5 9. dxe5 Nxe5 10. Nxe5 Bxe5 11. h3 c6 12. O-O Bc7 13. Ne2 Ne4 14. Be3 Qd6 15. g3 Bxh3 16. Re1 Rae8 17. Nf4 Bf5 18. c3 b6 19. Qc2 c5 20. Rad1 Kh8 21. Qa4 Bb8 22. Bb5 Rd8 23. Rxd5 Qf6 24. Red1 Rxd5 25. Nxd5 Qg6 26. Nf4 Qg4 27. Qc2 Bxf4 28. Bxf4 g5 29. Be5+ Nf6 30. Qd2 Kg7 31. Qd6 Rf7 32. Bc4 Re7 33. Qxf6# 1-0


[Site "https://www.chess.com"]

[Event "Titled Tuesday Blitz November 22 Early 2022"]
[White "Lauridsen, Jesper Morch"]
[Black "Winkels, Marcel"]
[WhiteFideId "1401890"]
[BlackFideId "1003887"]
[WhiteElo "2237"]
[BlackElo "1900"]
[Result "0-1"]
[Round "09"]
[TimeControl "180+1"]
[Date "2022.11.23"]
[WhiteClock "0:02:07"]
[BlackClock "0:01:54"]

1. e4 c5 2. Nf3 d6 3. d4 cxd4 4. Nxd4 Nf6 5. Nc3 a6 6. g3 e5 7. Nde2 b5 8. a3 Be7 9. Bg2 Bb7 10. h3 Nbd7 11. g4 h6 12. Ng3 Nc5 13. Be3 Rc8 14. Qd2 O-O 15. Nf5 g6 16. Bxc5 Rxc5 17. Qxh6 gxf5 18. gxf5 Nh7 19. Bf3 Bg5 20. Rg1 Kh8 21. h4 Bxh6 0-1


[Site "https://www.chess.com"]

[Event "Titled Tuesday Blitz November 22 Early 2022"]
[White "Le Goff, Damien"]
[Black "Derjabin, Ilja"]
[WhiteFideId "634808"]
[BlackFideId "14104768"]
[WhiteElo "2411"]
[BlackElo "2312"]
[Result "1-0"]
[Round "09"]
[TimeControl "180+1"]
[Date "2022.11.23"]
[WhiteClock "0:00:20"]
[BlackClock "0:00:06"]

1. d4 Nf6 2. c4 c5 3. d5 b5 4. cxb5 a6 5. bxa6 Bxa6 6. Nc3 d6 7. e4 Bxf1 8. Kxf1 g6 9. g3 Bg7 10. Kg2 O-O 11. Nf3 Nbd7 12. a4 Qb8 13. Qe2 Qb4 14. e5 dxe5 15. Nxe5 Nxe5 16. Qxe5 Rfd8 17. Qxe7 Re8 18. Qc7 Ne4 19. Rd1 Bxc3 20. bxc3 Nxc3 21. Rd3 Qe4+ 22. Rf3 Qxd5 23. Bb2 Rac8 24. Qf4 Ne2 25. Qf6 Nd4 26. Bxd4 cxd4 27. Kg1 Rc6 28. Qf4 d3 29. Rd1 Rc3 30. a5 Rec8 31. a6 Ra3 32. a7 Rxa7 33. Rfxd3 Qe6 34. Rd8+ Rxd8 35. Rxd8+ Kg7 36. Qd4+ Qf6 37. Rg8+ Kxg8 38. Qxf6 Rd7 39. h4 Rd1+ 40. Kg2 Rd7 41. Kh3 Rb7 42. f3 Rb8 43. g4 Re8 44. h5 gxh5 45. gxh5 Re6 46. Qg5+ Kf8 47. f4 h6 48. Qf5 Kg7 49. Kg4 Kg8 50. Qd5 Kg7 51. Kf5 Rf6+ 52. Kg4 Re6 53. Qd4+ Kg8 54. Kf5 Re8 55. Qd7 Re3 56. Qd8+ Kh7 57. Qf6 Kg8 58. Qxh6 Re6 59. Qxe6 fxe6+ 60. Kxe6 Kg7 61. Ke7 Kh8 62. f5 Kh7 63. f6 1-0


[Site "https://www.chess.com"]

[Event "Titled Tuesday Blitz November 22 Early 2022"]
[White "Lehtosaari, Mauri"]
[Black "Can, Isik"]
[WhiteFideId "501999"]
[BlackFideId "6383742"]
[WhiteElo "2509"]
[BlackElo "2374"]
[Result "0-1"]
[Round "09"]
[TimeControl "180+1"]
[Date "2022.11.23"]
[WhiteClock "0:00:45"]
[BlackClock "0:01:17"]

1. d4 d5 2. Nf3 Nf6 3. e3 Bf5 4. c4 c6 5. Nc3 e6 6. Qb3 Qc7 7. Bd2 Nbd7 8. Nh4 Be4 9. f3 Bg6 10. O-O-O dxc4 11. Bxc4 b5 12. Be2 a6 13. Nxg6 hxg6 14. g3 c5 15. Kb1 c4 16. Qc2 Nb6 17. e4 Qd7 18. e5 Nfd5 19. Nxd5 Nxd5 20. f4 Rc8 21. g4 Rh3 22. Ka1 c3 23. bxc3 Nxc3 24. Rc1 Qxd4 25. Bxb5+ Nxb5+ 26. Qb2 Qxb2+ 27. Kxb2 Ba3+ 0-1


[Site "https://www.chess.com"]